 Dungeon Crawl Stone Soup version 0.27-a0-1500-g450c7e4133 (webtiles) character file.

Game seed: 9211912424840682422

263 lunkers the Insei (level 6, -1/43 HPs)
             Began as a Djinni Warper on July 7, 2021.
             Slain by Grinder (2 damage)
             ... on level 4 of the Dungeon.
             The game lasted 00:09:49 (5444 turns).

lunkers the Insei (Djinni Warper)                   Turns: 5444, Time: 00:09:50

Health: -1/43      AC:  6    Str: 10    XL:     6   Next: 42%
Gold:   150        EV:  9    Int: 14    God:
                   SH:  0    Dex: 15

rFire    + + +     SeeInvis .     - Unarmed
rCold    . . .     Faith    .   (no shield)
rNeg     . . .     Spirit   .   a - +0 leather armour
rPois    ∞         Reflect  .   (no helmet)
rElec    .         Harm     .   s - scarf {rC+ rF+}
rCorr    .         Rampage  .   d - +2 pair of gloves
Will     .....                  (boots unavailable)
Stlth    +.........             (no amulet)
HPRegen  0.14/turn              (no ring)
MPRegen  0.00/turn              (no ring)

@: flying, constricted
A: sickness immunity, fire resistance 2, cold vulnerability 1, float, innate
caster, hp casting, extra vitality 1
a: no special abilities


You were on level 4 of the Dungeon.
You visited 1 branch of the dungeon, and saw 6 of its levels.

You collected 150 gold pieces.

Inventory:

Missiles
 b - 4 boomerangs
 c - 5 boomerangs of dispersal
Armour
 a - a +0 leather armour (worn)
 d - a +2 pair of gloves (worn)
 s - a scarf of resistance (worn)
Scrolls
 j - a scroll of teleportation {unknown}
 k - a scroll of amnesia {unknown}
 l - a scroll of noise {unknown}
 m - a scroll of identify {unknown}
 o - a scroll of enchant weapon {unknown}
 p - a scroll of silence {unknown}
 q - a scroll of fog {unknown}
Potions
 r - a potion of attraction {unknown}
 t - a potion of degeneration {unknown}


   Skills:
 - Level 2.0 Fighting
 - Level 0.7 Throwing
 - Level 1.0 Armour
 - Level 2.1 Dodging
 * Level 5.3 Unarmed Combat
 + Level 3.5 Spellcasting


You couldn't memorise any spells.
You knew the following spells:

 Your Spells              Type           Power      Damage    Failure   Level
a - Freeze                Ice            48%        1d7       6%          1
b - Lesser Beckoning      Tloc           6%         N/A       19%         3
c - Gell's Gravitas       Tloc           6%         N/A       19%         3
d - Teleport Other        Tloc           12%        N/A       19%         3
e - Manifold Assault      Tloc           12%        N/A       87%         5
f - Searing Ray           Conj           24%        3d4       10%         2
p - Blink                 Tloc           N/A        N/A       10%         2
Your spell library was empty.

Dungeon Overview and Level Annotations

Branches:
Dungeon (6/15)             Temple (0/1) D:5

Altars:

Shops:
D:3 (   D:5 ([!

Annotations:
D:2 Ijyb
D:4 Grinder


Innate Abilities, Weirdness & Mutations

You are immune to sickness and miasma.
You are immune to poison.
Your flesh is very heat resistant. (rF++)
You are vulnerable to cold. (rC-)
You float through the air rather than walking.
You learn spells naturally, not from books.
Your magical power is your life essence.
You have superior vitality. (+4 HP)


Message History

Grinder gestures at you. You resist with some effort.
The ball python bites you but does no damage.
The ball python grabs you. The ball python constricts you.
You escape the ball python's grasp.
As you read the scroll labelled QANLAE JIABLIU, it crumbles to dust.
You assume a fearsome visage.
The ball python looks frightened!
The worm looks frightened!
Grinder is unaffected.
It was a scroll of fear.
Unknown command.
As you read the scroll labelled AGGUBE HOOFODI, it crumbles to dust.
Your attack snaps the ball python out of its fear.
Your attack snaps the worm out of its fear.
Magic quickly surges around you.
It was a scroll of vulnerability.
Grinder hits you.
* * * LOW HITPOINT WARNING * * *
You writhe in agony.
* * * LOW HITPOINT WARNING * * *
Your magical contamination has completely faded away.
As you read the scroll labelled UMNIOHAONN, it crumbles to dust.
The creatures around you are filled with an inner flame!
It was a scroll of immolation.
Grinder hits you.
* * * LOW HITPOINT WARNING * * *
You writhe in agony.
* * * LOW HITPOINT WARNING * * *
It was a potion of brilliance.
You feel clever all of a sudden.
The ball python barely misses you. x2; Grinder hits you but does no damage.
It was a potion of haste.
You feel yourself speed up. The ball python misses you.
The ball python grabs you. The ball python constricts you.
Grinder barely misses you.
It was a potion of cancellation.
Your magical effects are unravelling.
You feel magically purged.
You feel yourself slow down.
You feel a little less clever now.
You feel your willpower return.
The ball python bites you but does no damage.
The ball python constricts you. Grinder hits you.
* * * LOW HITPOINT WARNING * * *
You writhe in agony.
You die...

..# ## .. #.#
.## ...# #)#
#..# #.#
#..###w# .
#.....# ..
###.S5## ..#
##.##.@###..#
##..........#
#..........##
#......>####
#..###### ..#
##


You could see Grinder (inner flame, weak-willed), a worm (inner flame,
weak-willed) and a ball python (inner flame, weak-willed).

Vanquished Creatures
  A hound (D:6)
  A bullfrog zombie (D:6)
  Terence (D:3)
  An iguana (D:5)
  An orc wizard (D:3)
  A gnoll (D:2)
  4 adders
  A dart slug (D:2)
  9 orcs
  A ball python (D:3)
  5 endoplasms
  3 giant cockroaches (D:1)
  6 goblins
  7 hobgoblins
  7 jackals
  2 quokkas (D:1)
  4 bats
  5 frilled lizards
  4 kobolds
  6 rats
70 creatures vanquished.

Notes
Turn   | Place    | Note
-------+----------+-------------------------------------------
     0 | D:1      | lunkers the Djinni Warper began the quest for the Orb.
     0 | D:1      | Reached XP level 1. HP: 18/18 MP: 0/0
   363 | D:1      | Reached XP level 2. HP: 13/23 MP: 0/0
  1012 | D:1      | Reached XP level 3. HP: 28/28 MP: 0/0
  1012 | D:1      | Learned a level 1 spell: Freeze
  1075 | D:1      | Reached skill level 3 in Unarmed Combat
  1828 | D:2      | Reached XP level 4. HP: 24/33 MP: 0/0
  2177 | D:2      | Found a faded altar of an unknown god.
  3020 | D:3      | Found Ehusiy's Antique Weapon Shop.
  3058 | D:3      | Reached skill level 4 in Unarmed Combat
  3058 | D:3      | Reached XP level 5. HP: 11/38 MP: 0/0
  3058 | D:3      | Learned a level 2 spell: Searing Ray
  3468 | D:3      | Noticed Ijyb
  4252 | D:3      | Noticed Terence
  4270 | D:3      | Killed Terence
  4591 | D:3      | You are sucked into a shaft and drop 3 floors!
  4782 | D:6      | Reached skill level 5 in Unarmed Combat
  4782 | D:6      | Reached XP level 6. HP: 31/43 MP: 0/0
  4869 | D:5      | Entered Level 5 of the Dungeon
  4963 | D:5      | Found Plog's Distillery.
  5022 | D:5      | Found Osucar's Armour Shop.
  5030 | D:5      | Found Duizij's Antique Weapon Emporium.
  5355 | D:5      | Found a staircase to the Ecumenical Temple.
  5362 | D:5      | Noticed an ice beast
  5420 | D:5      | Noticed Grinder
  5444 | D:4      | HP: 1/43 [Grinder (2)]
  5444 | D:4      | Slain by Grinder

Illustrated notes

Levels and vault maps discovered:
D:1:      elethiomel_arrival_maze, layout_basic, st_stairs_9,
          nrook_mini_backslash
D:2:      layout_basic, chequers_ecumenical_altar_island, roderic_lattice_a,
          minmay_tromino_i4
D:3:      layout_loops_corners, old_standard_altar, serial_shops,
          shop_fountains, uniq_natasha, uniq_ijyb, uniq_terence, uniq_jessica
D:4:      layout_layer_cave, uniq_eustachio
D:5:      layout_loops_corners, minmay_temple_entry_ruins, serial_shops,
          nicolae_shop_behind_doors, shop, nicolae_diamond_shop, shop, shop,
          gup_sewer_entry_pipe, uniq_pikel, uniq_grinder, uniq_blork_the_orc
D:6:      layout_layer_cave

Skill      XL: |  1  2  3  4  5 |
---------------+----------------+-----
Unarmed Combat | 3 4 5 |  5.3
Spellcasting   | 3 |  3.5
Fighting       | |  2.0
Throwing       | |  0.7
Armour         | |  1.0
Dodging        | |  2.1

Action                   |  1- 3 |  4- 6 || total
-------------------------+-------+-------++-------
Melee: Unarmed           |    79 |    18 ||    97
       Punch             |     1 |       ||     1
 Cast: Freeze            |    29 |    88 ||   117
       Blink             |       |     5 ||     5
       Searing Ray       |       |     4 ||     4
  Use: Scroll            |       |     4 ||     4
       Potion            |       |     3 ||     3
Armor: Leather armour    |    38 |    39 ||    77
Dodge: Dodged            |    63 |    70 ||   133

Table legend: (Time is in decaauts)
 A = Elapsed time spent in this place.
 B = Non-inter-level travel time spent in this place.
 C = Inter-level travel time spent in this place.
 D = Time resting spent in this place.
 E = Time spent auto-exploring this place.
 F = Levels seen in this place.
 G = Mean time per level.
                   A        B        C        D        E       F      G
               +--------+--------+--------+--------+--------+-----+--------+
         Total |   5443 |   5299 |    144 |    948 |   3514 |   6 |  907.2 |
       Dungeon |   5443 |   5299 |    144 |    948 |   3514 |   6 |  907.2 |
               +--------+--------+--------+--------+--------+-----+--------+

Top non-repeatable levels by time:
     D:1: 2227 daAuts
     D:2: 1796 daAuts
     D:3: 568 daAuts
     D:5: 555 daAuts
     D:6: 276 daAuts
     D:4: 18 daAuts
